TOP OF THE 1ST |
So Cal Bruins batting - Pitching for Portland Cards : RHP Gustavo Ramos
|
Pitching: RHP Gustavo Ramos
|
|
Batting: RHB Dani Vázquez
|
0-0: Foul Ball, location: 2F 0-1: Ball 1-1: Swinging Strike 1-2: Ball 2-2: Fly out, F9 (Flyball, 9)
|
Batting: RHB William Richardson
|
0-0: Foul Ball, location: 2F 0-1: Single, Error in OF, E9, batter to second base
|
Batting: LHB José Antonio Santiago
|
0-0: 2-RUN HOME RUN (Flyball, 9D), Distance : 364 ft
|
Batting: RHB Earl Wiggins
|
0-0: Called Strike 0-1: Ball 1-1: Ball 2-1: Ball 3-1: Swinging Strike 3-2: Base on Balls
|
Batting: RHB Rubén Calderón
|
0-0: Called Strike 0-1: Ball 1-1: Foul Ball, location: 2F 1-2: Fly out, F8 (Flyball, 78D)
|
Batting: LHB Bob Ware
|
0-0: Fly out, F6 (Popup, 4M)
|
Top of the 1st over - 2 runs, 2 hits, 1 error, 1 left on base; So Cal 2 - Portland 0 |
BOTTOM OF THE 1ST |
Portland Cards batting - Pitching for So Cal Bruins : RHP Juan González
|
Pitching: RHP Juan González
|
|
Batting: RHB Carlos Sánchez
|
0-0: Swinging Strike 0-1: Ball 1-1: Foul Ball, location: 2F 1-2: Fly out, F9 (Flyball, 89S)
|
Batting: LHB Leonardo Medina
|
0-0: Ball 1-0: Called Strike 1-1: Foul Ball, location: 2F 1-2: Ball 2-2: Ground out U3 (Groundball, 34S)
|
Batting: LHB Paul Mullins
|
0-0: Foul Ball, location: 2F 0-1: Ball 1-1: Ball 2-1: Foul Ball, location: 2F 2-2: DOUBLE (Groundball, 5L)
|
Batting: SHB Giancarlo Giannini
|
0-0: Ball 1-0: Ball 2-0: Foul Ball, location: 2F 2-1: Called Strike 2-2: Fly out, F9 (Flyball, 9S)
|
Bottom of the 1st over - 0 runs, 1 hit, 0 errors, 1 left on base; So Cal 2 - Portland 0 |
TOP OF THE 2ND |
So Cal Bruins batting - Pitching for Portland Cards : RHP Gustavo Ramos
|
Batting: LHB Jeff Carter
|
0-0: Ball 1-0: Ground out 4-3 (Groundball, 34)
|
Batting: LHB Brent Alonzo
|
0-0: Foul Ball, location: 2F 0-1: DOUBLE (Line Drive, 89M)
|
Batting: RHB Augusto Trevino
|
0-0: Ball 1-0: Foul Ball, location: 2F 1-1: Ball 2-1: Swinging Strike 2-2: Ball 3-2: Fly out, F3 (Popup, 34S)
|
Batting: RHB Dani Vázquez
|
0-0: Swinging Strike 0-1: Fly out, F9 (Line Drive, 9LM)
|
Top of the 2nd over - 0 runs, 1 hit, 0 errors, 1 left on base; So Cal 2 - Portland 0 |
BOTTOM OF THE 2ND |
Portland Cards batting - Pitching for So Cal Bruins : RHP Juan González
|
Batting: RHB Aaron Scott
|
0-0: Called Strike 0-1: Ball 1-1: Foul Ball, location: 2F 1-2: Ball 2-2: Ball 3-2: Foul Ball, location: 2F 3-2: Foul Ball, location: 2F 3-2: SINGLE (Groundball, 34D)
|
Batting: RHB Norm Francis
|
0-0: Called Strike 0-1: Foul Ball, location: 2F 0-2: Foul Ball, location: 2F 0-2: Ball 1-2: Ball 2-2: Ball 3-2: Fly out, F7 (Flyball, 7)
|
Batting: LHB Chance Santry
|
0-0: Ball 1-0: Foul Ball, location: 2F 1-1: Grounds into double play, 6-4-3 (Groundball, 6)
|
Bottom of the 2nd over - 0 runs, 1 hit, 0 errors, 0 left on base; So Cal 2 - Portland 0 |
TOP OF THE 3RD |
So Cal Bruins batting - Pitching for Portland Cards : RHP Gustavo Ramos
|
Batting: RHB William Richardson
|
0-0: Called Strike 0-1: Ball 1-1: Ball 2-1: Foul Ball, location: 2F 2-2: Foul Ball, location: 2F 2-2: Ball 3-2: SINGLE (Flyball, 9LM)
|
Batting: LHB José Antonio Santiago
|
0-0: Ball 1-0: Called Strike 1-1: Fielders Choice at 2nd, 4-6 (Groundball, 4)
|
Batting: RHB Earl Wiggins
|
0-0: Ball 1-0: Called Strike 1-1: Ball 2-1: Hit by Pitch José Antonio Santiago to second
|
Batting: RHB Rubén Calderón
|
0-0: Ball 1-0: Called Strike 1-1: Ball 2-1: Foul Ball, location: 2F 2-2: Foul Ball, location: 2F 2-2: Fly out, F7 (Flyball, 7)
|
Batting: LHB Bob Ware
|
0-0: Ball 1-0: Foul Ball, location: 2F 1-1: Ground out 1-3 (Groundball, 15S)
|
Top of the 3rd over - 0 runs, 1 hit, 0 errors, 2 left on base; So Cal 2 - Portland 0 |
BOTTOM OF THE 3RD |
Portland Cards batting - Pitching for So Cal Bruins : RHP Juan González
|
Batting: LHB Héctor Cruz
|
0-0: Fly out, F7 (Line Drive, 7)
|
Batting: SHB Dale Winters
|
0-0: Ball 1-0: Foul Ball, location: 2F 1-1: Swinging Strike 1-2: Ball 2-2: Ball 3-2: Ground out 6-3 (Groundball, 6)
|
Batting: RHB Carlos Sánchez
|
0-0: Ball 1-0: Foul Ball, location: 2F 1-1: Ball 2-1: Called Strike 2-2: Strikes out swinging
|
Bottom of the 3rd over - 0 runs, 0 hits, 0 errors, 0 left on base; So Cal 2 - Portland 0 |
TOP OF THE 4TH |
So Cal Bruins batting - Pitching for Portland Cards : RHP Gustavo Ramos
|
Batting: LHB Jeff Carter
|
0-0: Called Strike 0-1: Ball 1-1: Ball 2-1: Foul Ball, location: 2F 2-2: Strikes out looking
|
Batting: LHB Brent Alonzo
|
0-0: Ground out 5-3 (Groundball, 5)
|
Batting: RHB Augusto Trevino
|
0-0: Hit by Pitch
|
Batting: RHB Dani Vázquez
|
0-0: Ball Augusto Trevino steals 2nd base 1-0: Swinging Strike 1-1: Called Strike 1-2: Foul Ball, location: 2F 1-2: Ball 2-2: Foul Ball, location: 2F 2-2: Ball 3-2: Base on Balls
|
Batting: RHB William Richardson
|
0-0: Foul Ball, location: 2F 0-1: Ball 1-1: Swinging Strike 1-2: Ball 2-2: Ball 3-2: Foul Ball, location: 2F 3-2: Base on Balls Augusto Trevino to third Dani Vázquez to second
|
Batting: LHB José Antonio Santiago
|
0-0: Called Strike 0-1: Called Strike 0-2: Ball 1-2: Ball 2-2: Ball 3-2: Base on Balls Augusto Trevino scores Dani Vázquez to third William Richardson to second
|
Batting: RHB Earl Wiggins
|
0-0: Ball 1-0: Called Strike 1-1: Swinging Strike 1-2: Strikes out swinging
|
Top of the 4th over - 1 run, 0 hits, 0 errors, 3 left on base; So Cal 3 - Portland 0 |
BOTTOM OF THE 4TH |
Portland Cards batting - Pitching for So Cal Bruins : RHP Juan González
|
Batting: LHB Leonardo Medina
|
0-0: Ground out 5-3 (Groundball, 56)
|
Batting: LHB Paul Mullins
|
0-0: Called Strike 0-1: Ball 1-1: Called Strike 1-2: Foul Ball, location: 2F 1-2: Ball 2-2: Strikes out swinging
|
Batting: SHB Giancarlo Giannini
|
0-0: Ball 1-0: Called Strike 1-1: Swinging Strike 1-2: Strikes out swinging, 2-3 out at first.
|
Bottom of the 4th over - 0 runs, 0 hits, 0 errors, 0 left on base; So Cal 3 - Portland 0 |
TOP OF THE 5TH |
So Cal Bruins batting - Pitching for Portland Cards : RHP Gustavo Ramos
|
Pitching: RHP Taylor Bowen
|
|
Batting: RHB Rubén Calderón
|
0-0: SINGLE (Line Drive, 56D)
|
Batting: LHB Bob Ware
|
0-0: Ball 1-0: Called Strike 1-1: Ball 2-1: Swinging Strike 2-2: Strikes out swinging
|
Batting: LHB Jeff Carter
|
0-0: Ball Wild Pitch! Rubén Calderón to second 1-0: Foul Ball, location: 2F 1-1: Ball 2-1: Ball 3-1: Base on Balls
|
Batting: LHB Brent Alonzo
|
0-0: Called Strike 0-1: Fly out, F5 (Popup, 56S)
|
Batting: RHB Augusto Trevino
|
0-0: Foul Ball, location: 2F 0-1: Ball 1-1: Foul Ball, location: 2F 1-2: Strikes out swinging
|
Top of the 5th over - 0 runs, 1 hit, 0 errors, 2 left on base; So Cal 3 - Portland 0 |
BOTTOM OF THE 5TH |
Portland Cards batting - Pitching for So Cal Bruins : RHP Juan González
|
Batting: RHB Aaron Scott
|
0-0: Foul Ball, location: 2F 0-1: Ball 1-1: Ball 2-1: SINGLE (Flyball, 9LS)
|
Batting: RHB Norm Francis
|
0-0: Ground out U3 (Groundball, 34S) Aaron Scott to second
|
Batting: LHB Chance Santry
|
0-0: Swinging Strike 0-1: Swinging Strike 0-2: Foul Ball, location: 2F 0-2: Foul Ball, location: 2F 0-2: Strikes out looking
|
Batting: LHB Héctor Cruz
|
0-0: Called Strike 0-1: Ball 1-1: Ground out 4-3 (Groundball, 34)
|
Bottom of the 5th over - 0 runs, 1 hit, 0 errors, 1 left on base; So Cal 3 - Portland 0 |
TOP OF THE 6TH |
So Cal Bruins batting - Pitching for Portland Cards : RHP Taylor Bowen
|
Batting: RHB Dani Vázquez
|
0-0: Ball 1-0: Foul Ball, location: 2F 1-1: Ball 2-1: DOUBLE (Line Drive, 9D)
|
Batting: RHB William Richardson
|
0-0: Swinging Strike 0-1: Called Strike 0-2: Strikes out swinging
|
Batting: LHB José Antonio Santiago
|
0-0: Swinging Strike 0-1: Foul Ball, location: 2F 0-2: 2-RUN HOME RUN (Flyball, 9LD), Distance : 321 ft
|
Batting: RHB Earl Wiggins
|
0-0: Foul Ball, location: 2F 0-1: Foul Ball, location: 2F 0-2: Fly out, F4 (Line Drive, 4M)
|
Batting: RHB Rubén Calderón
|
0-0: Ball 1-0: SINGLE (Groundball, 6MS) (infield hit)
|
Batting: LHB Bob Ware
|
0-0: Fly out, F8 (Flyball, 8LXD)
|
Top of the 6th over - 2 runs, 3 hits, 0 errors, 1 left on base; So Cal 5 - Portland 0 |
BOTTOM OF THE 6TH |
Portland Cards batting - Pitching for So Cal Bruins : RHP Juan González
|
Batting: SHB Dale Winters
|
0-0: Ball 1-0: Foul Ball, location: 2F 1-1: Ground out 3-1 (Groundball, 34S)
|
Batting: RHB Carlos Sánchez
|
0-0: Ball 1-0: Ball 2-0: Ground out 5-3 (Groundball, 56)
|
Batting: LHB Leonardo Medina
|
0-0: Ball 1-0: Called Strike 1-1: SINGLE (Line Drive, 6D)
|
Batting: LHB Paul Mullins
|
0-0: Foul Ball, location: 2F 0-1: Swinging Strike 0-2: Fly out, F7 (Flyball, 7D)
|
Bottom of the 6th over - 0 runs, 1 hit, 0 errors, 1 left on base; So Cal 5 - Portland 0 |
TOP OF THE 7TH |
So Cal Bruins batting - Pitching for Portland Cards : RHP Taylor Bowen
|
Batting: LHB Jeff Carter
|
0-0: Ball 1-0: Ball 2-0: Ball 3-0: Called Strike 3-1: Ground out 3-1 (Groundball, 34)
|
Batting: LHB Brent Alonzo
|
0-0: SINGLE (Groundball, 34D)
|
Batting: RHB Augusto Trevino
|
0-0: Ball 1-0: Grounds into double play, 5-4-3 (Groundball, 5)
|
Top of the 7th over - 0 runs, 1 hit, 0 errors, 0 left on base; So Cal 5 - Portland 0 |
BOTTOM OF THE 7TH |
Portland Cards batting - Pitching for So Cal Bruins : RHP Juan González
|
Batting: SHB Giancarlo Giannini
|
0-0: Swinging Strike 0-1: Ball 1-1: Foul Ball, location: 2F 1-2: Foul Ball, location: 2F 1-2: Ball 2-2: Ground out U3 (Groundball, 3)
|
Batting: RHB Aaron Scott
|
0-0: Called Strike 0-1: Ball 1-1: Ground out 4-3 (Groundball, 4)
|
Batting: RHB Norm Francis
|
0-0: Called Strike 0-1: Called Strike 0-2: Ball 1-2: Ground out 3-1 (Groundball, 34S)
|
Bottom of the 7th over - 0 runs, 0 hits, 0 errors, 0 left on base; So Cal 5 - Portland 0 |
TOP OF THE 8TH |
So Cal Bruins batting - Pitching for Portland Cards : RHP Taylor Bowen
|
Pitching: RHP Isaac Coleman
|
|
Batting: RHB Dani Vázquez
|
0-0: Ball 1-0: Ball 2-0: Ball 3-0: Base on Balls
|
Batting: RHB William Richardson
|
0-0: Called Strike 0-1: Swinging Strike 0-2: Strikes out looking
|
Batting: LHB José Antonio Santiago
|
0-0: Called Strike 0-1: Ball 1-1: Foul Ball, location: 2F 1-2: Ball 2-2: Ball 3-2: Base on Balls Dani Vázquez to second
|
Batting: RHB Earl Wiggins
|
0-0: Called Strike 0-1: Fly out, F9 (Flyball, 9LMF)
|
Batting: RHB Rubén Calderón
|
0-0: Ball 1-0: Called Strike 1-1: Ball 2-1: Ball 3-1: SINGLE (Line Drive, 7LS) Dani Vázquez to third José Antonio Santiago to second
|
Batting: LHB Bob Ware
|
0-0: Called Strike 0-1: Ball 1-1: Called Strike 1-2: Strikes out swinging
|
Top of the 8th over - 0 runs, 1 hit, 0 errors, 3 left on base; So Cal 5 - Portland 0 |
BOTTOM OF THE 8TH |
Portland Cards batting - Pitching for So Cal Bruins : RHP Juan González
|
Batting: LHB Chance Santry
|
0-0: SINGLE (Groundball, 4MD)
|
Batting: LHB Héctor Cruz
|
0-0: Ball 1-0: Swinging Strike 1-1: Grounds into double play, 6-4-3 (Groundball, 6M)
|
Batting: SHB Dale Winters
|
0-0: Swinging Strike 0-1: Foul Ball, location: 2F 0-2: Ground out 4-3 (Groundball, 34)
|
Bottom of the 8th over - 0 runs, 1 hit, 0 errors, 0 left on base; So Cal 5 - Portland 0 |
TOP OF THE 9TH |
So Cal Bruins batting - Pitching for Portland Cards : RHP Isaac Coleman
|
Batting: LHB Jeff Carter
|
0-0: Swinging Strike 0-1: Ball 1-1: Ball 2-1: SINGLE (Line Drive, 4)
|
Batting: LHB Brent Alonzo
|
0-0: Foul Ball, location: 2F 0-1: Ball 1-1: Called Strike 1-2: Ball 2-2: SINGLE (Groundball, 4MD) Jeff Carter to second
|
Batting: RHB Augusto Trevino
|
0-0: Foul Ball, location: 2F 0-1: Bunted foul 0-2: Ball 1-2: Ball 2-2: Fly out, F4 (Line Drive, 4MD)
|
Batting: RHB Dani Vázquez
|
0-0: Foul Ball, location: 2F 0-1: Ball 1-1: Called Strike 1-2: Ball 2-2: Ball 3-2: Base on Balls Jeff Carter to third Brent Alonzo to second
|
Batting: RHB William Richardson
|
0-0: Called Strike 0-1: Foul Ball, location: 2F 0-2: Strikes out swinging
|
Batting: LHB José Antonio Santiago
|
0-0: SINGLE (Flyball, 89M) Jeff Carter scores Brent Alonzo to third Dani Vázquez to second Runner from 3rd tries for Home, SAFE, no throw
|
Batting: RHB Earl Wiggins
|
0-0: Swinging Strike 0-1: Ball 1-1: Ball 2-1: SINGLE (Flyball, 89S) Dani Vázquez to third José Antonio Santiago to second Runner from 3rd tries for Home, SAFE, no throw
|
Batting: RHB Rubén Calderón
|
0-0: Called Strike 0-1: Ball 1-1: Called Strike 1-2: Foul Ball, location: 2F 1-2: Ball 2-2: Foul Ball, location: 2F 2-2: Strikes out swinging
|
Top of the 9th over - 3 runs, 4 hits, 0 errors, 2 left on base; So Cal 8 - Portland 0 |
BOTTOM OF THE 9TH |
Portland Cards batting - Pitching for So Cal Bruins : RHP Juan González
|
Now at 1B: José Delgado
|
|
Now at 3B: Greg King
|
|
Batting: RHB Carlos Sánchez
|
0-0: Foul Ball, location: 2F 0-1: SINGLE (Groundball, 56D)
|
Batting: LHB Leonardo Medina
|
0-0: Swinging Strike 0-1: Foul Ball, location: 2F 0-2: Strikes out looking
|
Batting: LHB Paul Mullins
|
0-0: Called Strike 0-1: Called Strike 0-2: Grounds into double play, 6-4-3 (Groundball, 6)
|
Bottom of the 9th over - 0 runs, 1 hit, 0 errors, 0 left on base; So Cal 8 - Portland 0 |
|